[Event "*** SCC Grand Prix: Titled Tuesday Blitz"]
[Site "Chess.com"]
[Date "2020.07.07"]
[Round "3"]
[White "PSvidler"]
[Black "chargemax23"]
[Result "1/2-1/2"]
[WhiteElo "3003"]
[BlackElo "2688"]
[TimeControl "180+1"]
[EndTime "10:30:16 PDT"]
[Termination "Game drawn - insufficient material"]

1. e4 g6 2. d4 Bg7 3. Nc3 d6 4. Be3 a6 5. f4 Nf6 6. Nf3 O-O 7. e5 dxe5 8. dxe5 Ng4 9. Bc5 Nc6 10. h3 Nh6 11. g4 f6 12. exf6 Bxf6 13. Bc4+ Nf7 14.
Qe2 Na5 15. Rd1 Qe8 16. Bd5 c6 17. Be4 b5 18. O-O Nc4 19. Nd4 Bd7 20. b3 Ncd6 21. Bg2 e5 22. fxe5 Qxe5 23. Qxe5 Bxe5 24. Nxc6 Bxc6 25. Bxc6 Rac8 26. Nd5 Kg7 27. Nb4 a5 28. Nd3 Rxc6 29. Nxe5 Rxc5 30. Nd7 Rfc8 31. Nxc5 Rxc5 32. Rd2 Ne4 33. Rd7 Nf6 34. Ra7 b4 35. Rf4 Rd5 36.
Rc4 Ne8 37. Rc8 Nd6 38. Rcc7 Rd1+ 39. Kf2 Rd5 40. Ke3 Kf6 41. c4 bxc3 42. Rxc3 h5 43. Rc6 Ke6 44. Rca6 Ne5 45. Kf4 hxg4 46. hxg4 Rd4+ 47.
Ke3 Rxg4 48. Rxa5 Rg2 49. R5a6 g5 50. Rh7 Nf7 51. Rxf7 Kxf7 52. Rxd6 Rxa2 53. b4 Rb2 54. Rb6 Kg7 55. Ke4 g4 56. Kf4 Rg2 57. Rc6 Kf7 58. b5 Ke7 59. b6 Kd7 60. Rc7+ Kd8 61. Rh7 Kc8 62. b7+ Kb8 63. Rg7 Rb2 64. Rxg4 Rb4+ 65.
Kg3 Rxg4+ 66. Kxg4 Kxb7 1/2-1/2

[Event "*** SCC Grand Prix: Titled Tuesday Blitz"]
[Site "Chess.com"]
[Date "2020.07.07"]
[Round "3"]
[White "Gloomy_Wanderer"]
[Black "Balla_Tamas"]
[Result "1-0"]
[WhiteElo "2755"]
[BlackElo "2525"]
[TimeControl "180+1"]
[EndTime "10:30:16 PDT"]
[Termination "Gloomy_Wanderer won by resignation"]

1. d4 Nf6 2. Nf3 e6 3. c4 Bb4+ 4. Bd2 Qe7 5. g3 Ne4 6. Bg2 Nxd2 7. Nbxd2 d5 8. O-O O-O 9. Rc1 c6 10. e4 dxe4 11. Nxe4 Nd7 12. Qe2 Nf6 13. Nxf6+ Qxf6 14. c5 Ba5 15. Ne5 Bc7 16. Rfd1 Rd8 17. Rc3 Qe7 18. h4 Bd7 19. Be4 Be8 20. Kg2 f6 21.
Nf3 Rd7 22. Re3 Rad8 23. Bf5 Bf7 24. Bxe6 Bxe6 25. Rxe6 Qf7 26. Re1 h6 27. Qe4 f5 28.
Qc2 Kh8 29. Qb3 Kh7 30. Re8 Qxb3 31. axb3 Rxe8 32. Rxe8 Kg6 33. Ra8 a6 34. Rc8 Kf6 35. h5 Ke7 36. Kf1 Kf6 37. Ke2 Re7+ 38. Kd3 Ke6 39.
Rf8 Rf7 40. Rxf7 Kxf7 41. Kc4 Ke6 42. b4 Bd8 43. b3 Bf6 44. Ne1 Bg5 45. f4 Bf6 46.
Nc2 Bd8 47. Ne3 Bf6 48. d5+ cxd5+ 49. Nxd5 Bb2 50. Ne3 Bc1 51. Nf1 Bb2 52. Nd2 Bc1 53. Nf3 Be3 54. Nd4+ Kf6 55. b5 axb5+ 56. Nxb5 Bf2 57.
Nd6 Bxg3 58. Nxb7 Bxf4 59. b4 Kg5 60. b5 Kxh5 61. b6 Bb8 62. c6 f4 63. c7 Bxc7 64.
bxc7 f3 65. c8=Q 1-0

[Event "*** SCC Grand Prix: Titled Tuesday Blitz"]
[Site "Chess.com"]
[Date "2020.07.07"]
[Round "3"]
[White "Klavdia_Nik"]
[Black "MacDaddyMac"]
[Result "0-1"]
[WhiteElo "2074"]
[BlackElo "2311"]
[TimeControl "180+1"]
[EndTime "10:30:16 PDT"]
[Termination "MacDaddyMac won on time"]

1. Nf3 d5 2. c4 e6 3. b3 Nf6 4.
Bb2 c5 5. g3 Nc6 6. Bg2 Be7 7.
O-O O-O 8. d3 d4 9. Nbd2 e5 10. b4 cxb4 11. a3 bxa3 12. Bxa3 Bxa3 13. Rxa3 Qe7 14. Ra1 Nd7 15. Qa4 Nc5 16. Qa3 f6 17. Rfb1 Bg4 18. h3 Be6 19. Nb3 Nxb3 20. Qxe7 Nxe7 21. Rxb3 b6 22. Nxe5 fxe5 23. Bxa8 Rxa8 24.
Rxb6 Bxh3 25. Rb7 Nc6 26. f3 a5 27. g4 h5 28. Rc7 Nb4 29. Rb7 Nc2 30. Ra2 Ne3 31.
gxh5 a4 32. Rb5 Re8 33. Rxa4 Bd7 34. Raa5 Bxb5 35. Rxb5 Kf7 36. Rb6 Re6 37. Rb7+ Kf6 38. Kf2 Nf5 39. Rb8 Kg5 40. Rh8 Rh6 41. Re8 Kf4 42.
c5 Rxh5 43. c6 Rh2+ 44. Ke1 Ke3 45. Kd1 Rh1+ 46. Kc2 Kxe2 47. c7 Ne3+ 48. Kb2 Nd1+ 49. Kb3 Nc3 50. c8=Q Kxd3 51. Qf5+ Kd2 52. Qg6 Rb1+ 53.
Kc4 Rb4+ 54. Kxb4 Na2+ 55. Kc5 d3 56. Kc6 Nb4+ 57. Kb5 Nd5 58. Rd8 Nc3+ 59. Kb4 Kc2 60. Kc4 Kb2 0-1

[Event "*** SCC Grand Prix: Titled Tuesday Blitz"]
[Site "Chess.com"]
[Date "2020.07.07"]
[Round "3"]
[White "Leonid_Starozhilov"]
[Black "rynos0411"]
[Result "0-1"]
[WhiteElo "2640"]
[BlackElo "2434"]
[TimeControl "180+1"]
[EndTime "10:30:17 PDT"]
[Termination "rynos0411 won on time"]

1. e4 c6 2. d3 d5 3. Nd2 g6 4. h4 h5 5. Ngf3 Bg7 6. d4 dxe4 7. Nxe4 Nf6 8. Neg5 Bf5 9. Bc4 e6 10. c3 Nbd7 11. Bf4 O-O 12. Ne5 Nxe5 13. Bxe5 Nd5 14. Bxg7 Kxg7 15. Qe2 Qd6 16. Bxd5 Qxd5 17. O-O Rfd8 18.
Rfe1 c5 19. dxc5 Qxc5 20. Nf3 Rd5 21. Nd4 Rad8 22. Qe3 Qe7 23. Qg3 Qf6 24. Rad1 e5 25. Nxf5+ Qxf5 26. Rxd5 Rxd5 27. Qe3 b6 28. c4 Rc5 29. b3 Qc2 30. Re2 Qd1+ 31. Kh2 Qd8 32. g3 Qc7 33. Rd2 b5 34. Rd7 Qb6 35. Qf3 Qe6 36.
Rd5 Rxd5 37. cxd5 Qd6 38. Qd3 a6 39. a4 bxa4 40. bxa4 f5 41. Qc4 Kf6 42. Kg2 e4 43. Qd4+ Kf7 44. f3 exf3+ 45. Kxf3 Qa3+ 46. Kg2 Qa2+ 47. Kh3 Qe2 48. d6 Qg4+ 49. Qxg4 fxg4+ 50. Kg2 Ke6 51. Kf2 Kxd6 52. Ke3 Kc5 53. Kf4 Kb4 54. Kg5 Kxa4 55. Kxg6 Kb3 56. Kxh5 a5 57. Kxg4 a4 58.
Kg5 a3 59. Kg6 a2 60. g4 a1=Q 61. g5 Kc4 62. h5 Kd5 63. Kf7 Qa7+ 64. Kf6 Qb6+ 65.
Kg7 Qc7+ 66. Kg6 Ke6 67. Kh6 Qf4 68. Kg6 Qf7+ 69. Kh6 Qg8 70. g6 Kf6 0-1

[Event "*** SCC Grand Prix: Titled Tuesday Blitz"]
[Site "Chess.com"]
[Date "2020.07.07"]
[Round "3"]
[White "GracefulYear"]
[Black "vesalhamedinia"]
[Result "0-1"]
[WhiteElo "2423"]
[BlackElo "2200"]
[TimeControl "180+1"]
[EndTime "10:30:20 PDT"]
[Termination "vesalhamedinia won by checkmate"]

1. d4 d5 2. c4 e6 3. Nf3 Nf6 4. g3 Bb4+ 5. Bd2 Be7 6. Bg2 O-O 7.
O-O Nbd7 8. Qc2 c6 9. Nc3 dxc4 10. e4 a5 11. a4 Nb6 12. Rfd1 h6 13. Be3 Ng4 14. Bf4 f5 15. exf5 exf5 16. h3 Nf6 17.
Ne5 Nfd5 18. Ng6 Re8 19. Nxe7+ Rxe7 20. Be5 Be6 21. Re1 Qd7 22. Ne2 Nb4 23. Qd2 Nd3 24. Red1 Rd8 25. Nf4 Nxe5 26. Nxe6 Rxe6 27. Qxa5 Nd3 28.
Qxb6 Qxd4 29. Qxd4 Rxd4 30. a5 Re2 31. Bf1 Rxb2 32. a6 bxa6 33. Rxa6 c5 34. Ra7 Kh7 35.
h4 Nxf2 36. Re1 Ne4 37. Bh3 Nxg3 38. h5 c3 39. Bf1 Rg4 40. Re8 Nxh5+ 41. Kh1 Ng3+ 42.
Kg1 Ne4+ 43. Kh1 Nf2+ 44. Kh2 Ne4+ 45. Kh1 Nf6 46. Rc8 Rf2 47. Raa8 Rxf1+ 48. Kh2 Rf2+ 49.
Kh1 c2 50. Rh8+ Kg6 51. Rxh6+ Kxh6 52. Rh8+ Kg6 53. Rh6+ Kf7 54. Rxf6+ Kg8 55. Rf8+ Kh7 56. Rh8+ Kg6 57. Rh6+ Kg5 58. Rh5+ Kf4 59. Rxf5+ Kg3 60. Rxc5 Rf1# 0-1

[Event "*** SCC Grand Prix: Titled Tuesday Blitz"]
[Site "Chess.com"]
[Date "2020.07.07"]
[Round "3"]
[White "hectorfiori"]
[Black "ehrenfeld"]
[Result "1-0"]
[WhiteElo "2331"]
[BlackElo "2511"]
[TimeControl "180+1"]
[EndTime "10:30:21 PDT"]
[Termination "hectorfiori won on time"]

1. e4 e5 2. Nf3 Nc6 3. d4 exd4 4. Nxd4 Bc5 5. Be3 Qf6 6. Nxc6 Bxe3 7. fxe3 dxc6 8. Nc3 Nh6 9. Qd4 Qh4+ 10. g3 Qg5 11. O-O-O Ng4 12. h4 Qxe3+ 13. Qxe3 Nxe3 14. Rd3 Ng4 15. Rd2 Be6 16. Na4 b6 17. Ba6 Rb8 18. b3 Ke7 19. Be2 Ne5 20. Rf1 Rhd8 21. Rfd1 Rxd2 22. Rxd2 Rd8 23. Rxd8 Kxd8 24. Kd2 Ke7 25. Ke3 Kd6 26.
c4 f6 27. Kd4 c5+ 28. Ke3 Nc6 29. a3 Nd4 30. Bd1 Bd7 31. Nc3 a6 32. Nd5 Bc6 33. Nf4 Be8 34. Nd5 Bf7 35. Nf4 b5 36. Kd3 Nc6 37. Kc3 b4+ 38. axb4 cxb4+ 39. Kd3 Ne5+ 40. Ke3 a5 41. Ne2 a4 42. bxa4 Nxc4+ 43. Kf4 Ne5 44. Nd4 c5 45. Nf5+ Kc6 46. Nxg7 c4 47. Nf5 b3 48. Nd4+ Kc5 49. Ne2 Kb4 50. a5 c3 51.
Nxc3 Kxc3 52. a6 Nc6 53. Bxb3 Kxb3 54. Kf5 Kc4 55. Kxf6 Bg6 56. e5 Kd5 57. e6 Kd6 58. e7 Nxe7 59. a7 Be4 60. g4 1-0

[Event "*** SCC Grand Prix: Titled Tuesday Blitz"]
[Site "Chess.com"]
[Date "2020.07.07"]
[Round "3"]
[White "PaulfromSPb"]
[Black "doctorcristian"]
[Result "1-0"]
[WhiteElo "2589"]
[BlackElo "2396"]
[TimeControl "180+1"]
[EndTime "10:30:23 PDT"]
[Termination "PaulfromSPb won on time"]

1. e4 c6 2. d4 d5 3. Nd2 dxe4 4. Nxe4 Nf6 5. Nxf6+ gxf6 6. c3 h5 7. g3 h4 8. Bg2 Bf5 9. Qb3 Qd7 10. Be3 Na6 11.
Ne2 hxg3 12. hxg3 Rxh1+ 13. Bxh1 O-O-O 14. O-O-O Kb8 15. d5 c5 16. Bf4+ Ka8 17. d6 e5 18.
Be3 e4 19. Bf4 Qe6 20. Qa4 Qd7 21. Qa5 Rc8 22. Rd2 Nb8 23. g4 Bg6 24. Ng3 Nc6 25. Qxc5 Ne5 26. Qd5 Nd3+ 27. Rxd3 exd3 28. Nf5 Bxf5 29.
gxf5 Rc6 30. Qxd3 Bxd6 31. Bg3 Rb6 32. Kc2 a6 33. Qd4 Qc7 34. f4 Qc5 35. Qxf6 Ka7 36. Qd4 Qb5 37. b4 Qe2+ 38. Kb3 Bc7 39. Bf2 a5 40.
Be4 axb4 41. cxb4 Kb8 42. Qh8+ Ka7 43. Bxb6+ Bxb6 44. Bc2 Qe3+ 45. Qc3 Qxf4 46. a4 Bd4 47. Qc4 Qe3+ 48. Bd3 f6 49. a5 Be5 50. Ka4 Qd4 51.
Qc2 Qa1+ 52. Kb3 Qc3+ 53. Qxc3 Bxc3 54. Kxc3 1-0

[Event "*** SCC Grand Prix: Titled Tuesday Blitz"]
[Site "Chess.com"]
[Date "2020.07.07"]
[Round "3"]
[White "Tenamu"]
[Black "SzMM19"]
[Result "0-1"]
[WhiteElo "2382"]
[BlackElo "2577"]
[TimeControl "180+1"]
[EndTime "10:30:23 PDT"]
[Termination "SzMM19 won by checkmate"]

1. d4 Nf6 2. Nc3 d5 3. Bf4 c5 4. e3 cxd4 5. exd4 a6 6. Nf3 Nc6 7. Be2 e6 8. O-O Bd6 9. Bg3 O-O 10. Ne5 Qc7 11. f4 Nxd4 12. Bd3 Nc6 13. Qe2 Qb6+ 14. Kh1 Qxb2 15. Qf3 Nd4 16. Qe3 Nxc2 17. Qd2 Bb4 18.
Bxc2 Qxc3 19. Qe2 Qd2 20. Qxd2 Bxd2 21. Rab1 Nh5 22. Rb3 Nxg3+ 23. Rxg3 f6 24. Ng4 e5 25. fxe5 Bxg4 26. exf6 h5 27. h3 Rxf6 28. Rxf6 gxf6 29. hxg4 h4 30. Rf3 Bg5 31. Bb3 Kg7 32. Bxd5 Rc8 33. Bxb7 Rc1+ 34. Kh2 a5 35. Ra3 Rc5 36. Bf3 Bf4+ 37.
Kh3 Rc1 38. g3 hxg3 39. Bg2 Rc5 40. Rf3 Be5 41. Ra3 Rc8 42. Bf3 Rh8+ 43. Kg2 Rh2+ 44. Kg1 Bd4+ 45. Kf1 Rf2+ 46. Ke1 Rxf3 47. Rxf3 g2 48.
Rg3 g1=Q+ 49. Rxg1 Bxg1 50. Ke2 Bb6 51. Kf3 Kg6 52. Kf4 Bc7+ 53. Kf3 Kg5 54. a4 Bd6 55. Ke4 Kxg4 56. Kd5 Bb4 57. Ke6 f5 58. Kd7 f4 59.
Kc6 f3 60. Kb5 f2 61. Ka6 f1=Q+ 62. Kb7 Qf6 63. Ka8 Kf5 64. Ka7 Ke6 65. Kb7 Kd6 66.
Kb8 Kc6 67. Ka8 Kb6 68. Kb8 Qf8# 0-1

[Event "*** SCC Grand Prix: Titled Tuesday Blitz"]
[Site "Chess.com"]
[Date "2020.07.07"]
[Round "3"]
[White "IMRosen"]
[Black "dawtonlms"]
[Result "1/2-1/2"]
[WhiteElo "2559"]
[BlackElo "2381"]
[TimeControl "180+1"]
[EndTime "10:30:23 PDT"]
[Termination "Game drawn by repetition"]

1. d4 Nf6 2. Bf4 g6 3. Nc3 d5 4. e3 Bg7 5. h4 h5 6. Nf3 Bg4 7.
Be2 a6 8. Ne5 Bxe2 9. Qxe2 Nbd7 10. O-O-O e6 11. f3 Qe7 12. Kb1 O-O-O 13. a3 Nxe5 14.
Bxe5 Ne8 15. Bxg7 Nxg7 16. e4 Qd7 17. b3 Ne8 18. e5 Qe7 19. Kb2 Ng7 20. Na4 Nf5 21.
Qf2 b6 22. Rh3 Kb7 23. Rdh1 Nh6 24. Qd2 Nf5 25. Qf2 Nh6 26. Rg1 Nf5 27. Ka2 Rc8 28. b4 Qd7 29. Kb3 Qc6 30. Nb2 a5 31. g4 Ne7 32. Qd2 Ra8 33. a4 axb4 34. Qxb4 Qd7 35.
Ra1 Nc6 36. Qd2 Na5+ 37. Ka2 Qc6 38. g5 Nc4 39. Qb4 Ra5 40. f4 Rha8 41. Kb1 Nxb2 42. Qxb2 Rxa4 43. Rha3 Rxa3 44. Rxa3 Rxa3 45. Qxa3 Qb5+ 46.
Ka2 Qf1 47. Qe7 Qxf4 48. c3 Qd2+ 49. Kb3 Qd1+ 50. Kb2 Qd2+ 51. Kb3 Qf4 52. Qf8 Qf1 53. Kb2 Qb5+ 54. Kc2 Qa4+ 55. Kb2 Qb5+ 56. Ka3 Qc4 57. Kb2 Qe2+ 58. Kb3 Qf3 59. Qe7 Qf4 60. Kb2 Qxh4 61. Qxf7 Qh2+ 62. Kb3 Qe2 63. Qxe6 Qc4+ 64.
Kc2 Qe2+ 65. Kb3 Qc4+ 66. Kb2 Qe2+ 67. Ka3 Qa6+ 68. Kb3 Qc4+ 1/2-1/2

[Event "*** SCC Grand Prix: Titled Tuesday Blitz"]
[Site "Chess.com"]
[Date "2020.07.07"]
[Round "3"]
[White "Chessdreamer2020"]
[Black "Elshan1985"]
[Result "0-1"]
[WhiteElo "2616"]
[BlackElo "2833"]
[TimeControl "180+1"]
[EndTime "10:30:24 PDT"]
[Termination "Elshan1985 won on time"]

1. e4 Nf6 2. Nc3 d5 3. e5 Nfd7 4. e6 fxe6 5. d4 g6 6. h4 c5 7.
Nf3 Nc6 8. dxc5 Bg7 9. h5 Nxc5 10. hxg6 hxg6 11. Rxh8+ Bxh8 12. Bd3 Nxd3+ 13. Qxd3 Kd7 14. Qxg6 Bxc3+ 15. bxc3 Qh8 16. Bb2 Ne5 17. Qg3 Nc4 18. O-O-O b6 19. Nd2 Ba6 20. Nxc4 Bxc4 21. a3 Rg8 22.
Qf3 Qh6+ 23. Kb1 Rf8 24. Qg4 Rf4 25. Qg3 Qh4 26. Qxh4 Rxh4 27. Bc1 e5 28. Be3 Ke6 29. Kc1 Rh2 30. g3 Kf5 31. Kd2 Ke4 32. Re1 Kf3 33.
a4 e4 34. a5 bxa5 35. Bxa7 e5 36. Be3 a4 37. Ra1 Bb5 38. c4 d4 39. Ra3 dxe3+ 40. Rxe3+ Kxf2 41. Re2+ Kxg3 42. Rxh2 Bxc4 43. Rh5 Kf4 44.
Rh4+ Kf3 45. Rh3+ Kg4 46. Ra3 Bb5 47. Ke3 Kf5 48. Rc3 Bd7 49. Rc5 a3 50. Ra5 Be6 51.
Rxa3 Bd5 52. Rc3 Ke6 53. Rc7 Kd6 54. Rh7 Ke6 55. Rh5 Kf6 56. Rh2 Ke6 57. Rd2 Bc6 58.
Rd1 Bd5 59. Rd2 Bc6 60. c3 Bd5 61. Rh2 Kd6 62. Rh8 Kc5 63. Rc8+ Kd6 64. c4 Be6 65. c5+ Kd5 0-1

[Event "*** SCC Grand Prix: Titled Tuesday Blitz"]
[Site "Chess.com"]
[Date "2020.07.07"]
[Round "3"]
[White "timator"]
[Black "BogdanDeac"]
[Result "1/2-1/2"]
[WhiteElo "2633"]
[BlackElo "2821"]
[TimeControl "180+1"]
[EndTime "10:30:24 PDT"]
[Termination "Game drawn by agreement"]

1. d4 d5 2. Nf3 Nf6 3. c4 e6 4. Nc3 c6 5. e3 Nbd7 6. Bd3 dxc4 7. Bxc4 b5 8. Bd3 Bb7 9. O-O a6 10. a4 b4 11. Ne4 c5 12. Nxc5 Bxc5 13. dxc5 Nxc5 14.
Bc4 Qxd1 15. Rxd1 a5 16. Nd4 Ke7 17. b3 Bd5 18. Bxd5 Nxd5 19. Bb2 Rhc8 20. Rac1 Ne4 21. Kf1 Ndc3 22. Bxc3 Nxc3 23. Rd2 e5 24. Nf5+ Kf6 25.
Nd6 Rd8 26. Ke1 Ke6 27. Nc4 Rxd2 28. Nxd2 f5 29. Nc4 Ne4 30. Ke2 Nc3+ 31. Ke1 Ra6 32. Rc2 e4 33. Rd2 Nd5 34. Rd4 g6 35. Kd2 h5 36. f3 Nc3 37. Rd8 exf3 38. gxf3 Ra7 39.
Kd3 Na2 40. e4 fxe4+ 41. fxe4 Nc3 42. Rd6+ Kf7 43. Ne5+ Ke7 44. Rxg6 Ra8 45. Nc6+ Kf7 46. Rd6 Kg7 47. e5 Rc8 48. e6 Nd5 49. Rxd5 Rxc6 50.
e7 Kf7 51. Rxa5 Rc3+ 52. Kd4 Rxb3 53. Rxh5 Kxe7 54. Kc4 Rb2 55. a5 b3 56. Kc3 Rb1 57. a6 b2 58. Kc2 Ra1 59. Kxb2 Rxa6 60. Rf5 Rh6 61. Rf2 Rf6 62. Rg2 Kf7 63. Kc3 Rg6 64.
Rxg6 Kxg6 1/2-1/2

[Event "*** SCC Grand Prix: Titled Tuesday Blitz"]
[Site "Chess.com"]
[Date "2020.07.07"]
[Round "3"]
[White "Chuchofrio1"]
[Black "valeriocarnicelli"]
[Result "1/2-1/2"]
[WhiteElo "2231"]
[BlackElo "2487"]
[TimeControl "180+1"]
[EndTime "10:30:25 PDT"]
[Termination "Game drawn - insufficient material"]

1. e4 e5 2. Nf3 Nc6 3. Bb5 f5 4. d3 fxe4 5. dxe4 Nf6 6. O-O Bc5 7. Bg5 d6 8. Nc3 O-O 9. Nd5 Kh8 10. c3 Bg4 11. h3 Bxf3 12. Qxf3 Nxd5 13. Bxd8 Rxf3 14. exd5 Rxf2 15. Rxf2 Nxd8 16. Rf1 Nf7 17. b4 Bxf2+ 18. Rxf2 Kg8 19. Bd7 Rf8 20. Be6 g6 21. h4 Kg7 22.
g4 Nd8 23. Rxf8 Kxf8 24. Bd7 Ke7 25. Bb5 c6 26. Bc4 b5 27. Bb3 c5 28. Kf2 Nb7 29. g5 a5 30. a3 axb4 31. axb4 Kd7 32. Bd1 Kc7 33. Be2 Kb6 34. Bg4 Nd8 35. Ke3 Kc7 36.
Ke4 c4 37. Bh3 Nf7 38. Be6 Nh8 39. Bg8 Kd7 40. Be6+ Kd8 41. Ke3 Ke7 42. Bc8 Nf7 43. Ba6 h6 44. Bxb5 hxg5 45. hxg5 Nxg5 46. Bxc4 Nf7 47.
Bd3 g5 48. c4 Kd8 49. Kf2 Kc7 50. Kg3 Nh6 51. c5 Ng8 52. Bc4 Nf6 53. Kf3 g4+ 54. Kg3 e4 55. c6 Kb6 56. Be2 e3 57. Kf4 Nxd5+ 58. Kxg4 Nxb4 59. Kf3 Nc2 60. Bd3 e2 61. Kxe2 Nd4+ 62. Ke3 Nxc6 63. Be4 Ne5 64. Kd4 Nd7 65.
Kd5 Kc7 66. Bf5 Nb6+ 67. Kd4 Kc6 68. Be4+ Kd7 69. Bd5 Ke7 70. Bg8 Kf6 71. Ba2 Kf5 72.
Bb3 Kf4 73. Bc2 d5 74. Bb3 Kf5 75. Bxd5 1/2-1/2

[Event "*** SCC Grand Prix: Titled Tuesday Blitz"]
[Site "Chess.com"]
[Date "2020.07.07"]
[Round "3"]
[White "GoltsevDmitry2000"]
[Black "Omk124"]
[Result "1-0"]
[WhiteElo "2564"]
[BlackElo "2371"]
[TimeControl "180+1"]
[EndTime "10:30:26 PDT"]
[Termination "GoltsevDmitry2000 won by resignation"]

1. e4 g6 2. Nf3 Bg7 3. Nc3 c6 4.
d4 d6 5. h3 Nf6 6. Be2 O-O 7.
O-O Nbd7 8. Bg5 e5 9. dxe5 dxe5 10. a4 h6 11. Be3 Qe7 12. Bc4 Re8 13. Qd2 Kh7 14.
Rfd1 Nf8 15. Qd6 Be6 16. Nxe5 Bxc4 17. Nxc4 Nxe4 18. Qxe7 Rxe7 19. Nxe4 Rxe4 20. Nd6 Re7 21. c3 Ne6 22. Rd3 Rd7 23. Rad1 Rad8 24. Bxa7 Be5 25.
Bb6 Ra8 26. a5 Nf4 27. R3d2 Nd5 28. Nc4 Bf4 29. Rd3 Re8 30. g3 Bb8 31. Ne3 Nxe3 32. Rxd7 Nxd1 33. Rxd1 Re7 34. Rd8 Bc7 35. Bxc7 Rxc7 36.
b4 Re7 37. Rb8 Kg7 38. Kf1 Kf6 39. c4 Ke5 40. b5 Kd4 41. b6 Kxc4 42. Rc8 Re5 43.
Rc7 Rxa5 44. Rxf7 Rb5 45. Rxb7 c5 46. Rb8 Kc3 47. b7 c4 48. Kg2 Kb3 49. Kf3 c3 50.
Ke2 c2 51. Kd2 Kb2 52. Rc8 Rd5+ 53. Ke2 Rb5 54. Kd2 Rd5+ 55. Ke2 Re5+ 56. Kd3 Rd5+ 57. Ke4 Rb5 58. b8=Q Rxb8 59. Rxb8+ Kc3 60. Rc8+ Kd2 61. f4 c1=Q 62. Rxc1 Kxc1 63. g4 Kd2 64. f5 gxf5+ 65. gxf5 1-0

[Event "*** SCC Grand Prix: Titled Tuesday Blitz"]
[Site "Chess.com"]
[Date "2020.07.07"]
[Round "3"]
[White "SahajGrover"]
[Black "Salem-AR"]
[Result "0-1"]
[WhiteElo "2660"]
[BlackElo "2935"]
[TimeControl "180+1"]
[EndTime "10:30:28 PDT"]
[Termination "Salem-AR won by resignation"]

1. e4 c5 2. Nf3 Nc6 3. Nc3 g6 4. d4 cxd4 5. Nxd4 Bg7 6. Be3 Nf6 7. Bc4 O-O 8. Bb3 d6 9. f3 Bd7 10. Qd2 Nxd4 11. Bxd4 b5 12. a4 bxa4 13. Bxa4 a5 14. O-O Bxa4 15. Rxa4 Rb8 16. b3 Rb4 17. Rxb4 axb4 18.
Nd5 Nxd5 19. exd5 Bxd4+ 20. Qxd4 Qc7 21. Rf2 Qc5 22. Qxc5 dxc5 23. Re2 Rd8 24. Rxe7 Rxd5 25. Kf1 Rd1+ 26. Ke2 Rg1 27. Kf2 Rc1 28. Re2 h5 29.
Ke3 Rd1 30. Kf4 Kg7 31. Ke5 h4 32. h3 Rd4 33. Re4 Rd2 34. Rxh4 Rxc2 35. Kd5 Rc3 36. Rc4 Rxb3 37. Kxc5 Rb2 38. g4 b3 39. Kd4 Rf2 40. Ke4 b2 41. Rb4 g5 42. Kf5 f6 43.
Rb7+ Kh6 44. Rb6 Rxf3+ 45. Ke6 Rf2 46. Rb7 Kg6 47. Rb8 Re2+ 48. Kd5 Rh2 49. Ke6 Kg7 50.
Rb7+ Kg6 51. Rb8 Rxh3 52. Rg8+ Kh7 53. Rb8 Rf3 54. Kf7 f5 55. Rxb2 fxg4+ 56. Ke6 g3 57. Ke5 Kg6 58. Ke4 Rf2 0-1

[Event "*** SCC Grand Prix: Titled Tuesday Blitz"]
[Site "Chess.com"]
[Date "2020.07.07"]
[Round "3"]
[White "aleksandrovaleksei"]
[Black "zajka-molotok"]
[Result "1-0"]
[WhiteElo "2647"]
[BlackElo "2417"]
[TimeControl "180+1"]
[EndTime "10:30:29 PDT"]
[Termination "aleksandrovaleksei won on time"]

1. d4 d6 2. e4 Nf6 3. Nc3 c6 4. a4 e5 5. Nge2 Be7 6. h3 O-O 7. g3 exd4 8. Qxd4 d5 9. exd5 cxd5 10. Bg2 Nc6 11. Qd1 d4 12. Nb5 Bc5 13. O-O a6 14.
Na3 Bf5 15. Bg5 h6 16. Bxf6 Qxf6 17. Nf4 Rad8 18. Nd3 Ba7 19. Nc4 Qe6 20. b3 Rfe8 21. Re1 Qd7 22. Rxe8+ Rxe8 23. Kh2 Bxd3 24. Qxd3 Nb4 25.
Qd2 Nd5 26. Re1 Rxe1 27. Qxe1 Nf6 28. Qe2 b5 29. axb5 axb5 30. Ne5 Qe8 31. Bf3 Bb8 32.
Nc6 Qxe2 33. Bxe2 Bc7 34. Bxb5 Bb6 35. Kg2 Ne4 36. Bd3 Nd6 37. Ne7+ Kf8 38. Nd5 Ba7 39. Kf3 f6 40. Bg6 Nb7 41. Ke2 Nc5 42. b4 Na4 43. Bd3 Nc3+ 44. Nxc3 dxc3 45. f4 Ke7 46. Kf3 Kd6 47. Ke4 Kc6 48. Kf5 Bd4 49. Kg6 Kd6 50. Kxg7 h5 51. Kg6 Bf2 52. Kxf6 Bxg3 53.
f5 h4 54. Kg6 Be5 55. f6 Ke6 56. Bc4+ Kd7 57. b5 Ke8 58. f7+ Kf8 59. b6 Bd4 60. b7 Ba7 61. Kf5 Ke7 62. Kg4 1-0

[Event "*** SCC Grand Prix: Titled Tuesday Blitz"]
[Site "Chess.com"]
[Date "2020.07.07"]
[Round "3"]
[White "skslaviaorlova"]
[Black "hongnhung1234"]
[Result "1/2-1/2"]
[WhiteElo "2004"]
[BlackElo "2220"]
[TimeControl "180+1"]
[EndTime "10:30:32 PDT"]
[Termination "Game drawn by repetition"]

1. e4 c5 2. c3 Nf6 3. e5 Nd5 4. d4 cxd4 5. Nf3 Nc6 6. cxd4 e6 7. a3 d6 8. Bd3 dxe5 9. dxe5 Qc7 10. O-O Be7 11. Qe2 Bd7 12. Bd2 O-O 13. Nc3 Nxc3 14. Bxc3 Rfd8 15. Rac1 Be8 16. Qe4 g6 17. Bd2 Bf8 18.
Bg5 Rd5 19. Bf6 Qb6 20. b4 Nd4 21. Ng5 Nf5 22. Bc4 Rd4 23. Qe2 h6 24. Nf3 Rd7 25.
Rfd1 Rc8 26. Ba2 Rdc7 27. Rxc7 Qxc7 28. g4 Ne7 29. Nd4 a6 30. Qe4 Bc6 31. Qf4 Nd5 32. Qg3 Nxf6 33. exf6 Qxg3+ 34. hxg3 Rd8 35. Rd2 e5 36. Nf3 Rxd2 37. Nxd2 Bd6 38. Nc4 Bc7 39. Bb1 b5 40. Nd2 Bd8 41. Ne4 Bxe4 42. Bxe4 Bxf6 43.
Kf1 Bd8 44. Ke2 a5 45. Bc6 axb4 46. axb4 Be7 47. Bxb5 Bxb4 48. Bc6 Kg7 49. Be4 Bc5 50.
f3 Kf6 51. Bc2 Kg5 52. Bd3 f5 53. gxf5 gxf5 54. Kf1 Be3 55. Ke2 Bd4 56. Bc2 Bc3 57. Bd3 h5 58. Bc2 Bd4 59. Bd3 Bg1 60. Bc2 Bh2 61. Kf2 h4 62. gxh4+ Kxh4 63. Bxf5 Kg5 64. Be4 Bf4 65. Ke2 Kf6 66. Kd3 Kg5 67. Ke2 Kf6 68.
Kd3 Kg5 69. Kc4 Kh4 70. Kd5 Kg3 71. Ke6 Kf2 72. Kf5 Ke3 73. Ke6 Kf2 74. Kf5 Ke3 75. Ke6 Kd2 76. Kf5 Ke3 1/2-1/2

[Event "*** SCC Grand Prix: Titled Tuesday Blitz"]
[Site "Chess.com"]
[Date "2020.07.07"]
[Round "3"]
[White "vovachesss"]
[Black "Raja3401"]
[Result "1/2-1/2"]
[WhiteElo "2558"]
[BlackElo "2782"]
[TimeControl "180+1"]
[EndTime "10:30:37 PDT"]
[Termination "Game drawn - insufficient material"]

1. e4 c5 2. d4 cxd4 3. c3 Nf6 4. e5 Nd5 5. Nf3 Nc6 6. Bc4 Nb6 7. Bb3 d5 8. exd6 Qxd6 9. O-O Be6 10. Na3 Bxb3 11. axb3 g6 12. Nb5 Qd7 13. Bf4 Nd5 14. Bg3 Rc8 15.
Re1 e6 16. Nfxd4 Be7 17. Nxc6 Rxc6 18. Nxa7 Ra6 19. Qd4 O-O 20. Rxa6 bxa6 21. c4 Bf6 22. Be5 Bxe5 23. Rxe5 Nf6 24. Qxd7 Nxd7 25. Ra5 Rb8 26. Ra3 Nc5 27. Nc6 Rb6 28. Na5 Nd3 29. g3 Kf8 30. b4 Ne5 31. Rb3 Ke7 32. f4 Nd7 33. Kf2 e5 34.
Ke3 exf4+ 35. gxf4 Re6+ 36. Kd4 Nf6 37. Re3 Rxe3 38. Kxe3 Kd6 39. Kd4 Nh5 40. c5+ Kc7 41.
Ke5 f6+ 42. Ke4 Ng7 43. Nc4 Kc6 44. Nd6 a5 45. bxa5 Kxc5 46. Nc8 Kb5 47. b4 Ne6 48. f5 Ng5+ 49. Kf4 Nf7 50. fxg6 hxg6 51. Ke4 Nd8 52.
Nd6+ Kxb4 53. a6 Nc6 54. Ne8 f5+ 55. Kf4 Kb5 56. Nc7+ Kb6 57. Ne6 Kxa6 58. Nf8 Ne7 59. Nxg6 Nxg6+ 60. Kxf5 Nh4+ 61. Kg4 Ng6 62. Kg5 Ne5 63.
Kf4 Nf7 64. h4 Kb6 65. Kf5 Kc6 66. Kf6 Nh6 67. Kg5 Nf7+ 68. Kg6 Ne5+ 69. Kf5 Nf7 70. h5 Kd7 71. Kf6 Ke8 72. Kg7 Ke7 73. h6 Nxh6 1/2-1/2

[Event "*** SCC Grand Prix: Titled Tuesday Blitz"]
[Site "Chess.com"]
[Date "2020.07.07"]
[Round "3"]
[White "FlamingPhoenix123"]
[Black "BlackBoarder"]
[Result "0-1"]
[WhiteElo "2396"]
[BlackElo "2590"]
[TimeControl "180+1"]
[EndTime "10:30:38 PDT"]
[Termination "BlackBoarder won by resignation"]

1. e4 e6 2. d4 d5 3. Nd2 c5 4. Ngf3 cxd4 5. Nxd4 Nf6 6. exd5 Nxd5 7. N2f3 Bb4+ 8.
Bd2 O-O 9. Bc4 e5 10. Nb3 Bxd2+ 11. Qxd2 Nf4 12. Qxd8 Rxd8 13. g3 Ng6 14. Ng5 Nh8 15. O-O Nc6 16. Rad1 Bf5 17. c3 h6 18. Nf3 Ng6 19.
Nc5 b6 20. Nb3 Bg4 21. Rxd8+ Rxd8 22. Nfd2 Kf8 23. f3 Bf5 24. Kf2 f6 25. Ke3 Nge7 26. Ke2 Nd5 27. Rd1 Ke7 28. Ne4 Bxe4 29. fxe4 Nc7 30.
Bd5 Nb8 31. c4 a5 32. Nd2 Nba6 33. Nb1 Nc5 34. Nc3 g6 35. Rd2 f5 36. exf5 gxf5 37. Ke3 Kf6 38. Rf2 Kg6 39. h3 Rf8 40. Ke2 Ne8 41. Ke3 Nd6 42. b3 h5 43. Ke2 Kg5 44. Ke3 f4+ 45. gxf4+ exf4+ 46. Kf3 Nf5 47. Rg2+ Ng3 48. Ne2 h4 49. Nd4 Re8 50. Rg1 Re3+ 51. Kg2 Nd3 52. Nf3+ Kh5 53. Rd1 Re2+ 54. Kg1 Nf2 55.
Nd4 Nxd1 56. Nxe2 Nxe2+ 57. Kf1 Ng3+ 58. Ke1 Nc3 59. Bf3+ Kg5 60. Kd2 Nxa2 61. Kd3 Nb4+ 62. Kc3 Nf5 63. Bg4 Kf6 64. Bf3 Ke5 65. c5 bxc5 66. Kc4 Nd4 67. Bd1 f3 68. Kxc5 f2 0-1